 Seeded DCSS version 0.30.1-4-g462c640d31 (webtiles) character file.

Game seed: 6351066067085065685 (custom seed)

96147 Esekla the Eclecticist (level 15, -7/92 HPs)
             Began as a Deep Elf Necromancer on Aug 12, 2023.
             Was an Elder of Vehumet.
             Mangled by Mara (illusionary)
             ... wielding a +2 demon blade of electrocution
              (21 damage)
             ... on level 4 of the Spider Nest.
             The game lasted 03:13:22 (23929 turns).

Esekla the Eclecticist (Deep Elf Necromancer)      Turns: 23929, Time: 03:13:22

Health: -7/92      AC: 17    Str:  8    XL:     15   Next: 68%
Magic:  6/40       EV: 17    Int: 38    God:    Vehumet [****..]
Gold:   427        SH:  5    Dex: 15    Spells: 3/53 levels left

rFire   . . .        s - +8 arc blade {discharge, rElec}
rCold   + . .        E - +0 buckler
rNeg    . . .        X - +3 troll leather armour
rPois   +            x - +2 helmet {Int+3}
rElec   +            m - +2 cloak of the Turtledove {Int+2 Slay+2}
rCorr   .            k - +0 pair of gloves
SInv    .            J - +1 pair of boots of Piysunuo {Str+3}
Will    +....        A - amulet of magic regeneration
Stlth   ++           O - ring of Descent {rPois rC+ Int+5 Stlth-}
HPRegen 1.15/turn    S - ring of the Mage {Wiz Archmagi}
MPRegen 0.67/turn

%: wizardry (x1), archmagi
@: very slightly contaminated, studying Fighting
A: no striking features
a: Renounce Religion


You were on level 4 of the Spider Nest.
You worshipped Vehumet.
Vehumet was greatly pleased with you.
You visited 4 branches of the dungeon, and saw 23 of its levels.
You also visited: Trove and Bailey.

You collected 3738 gold pieces.
You spent 3311 gold pieces at shops.

Inventory:

Hand Weapons
 a - a +4 vampiric falchion
 f - a +4 scimitar of flaming
 r - a +4 trident of venom
 s - the +8 arc blade (weapon) {discharge, rElec}
   (You bought it in a shop on level 4 of the Dungeon)

   rElec:     It insulates you from electricity.
 F - a +5 long sword
 K - a +5 scimitar
Missiles
 i - 65 poisoned darts (quivered)
 M - 6 curare-tipped darts
 P - 4 javelins
 Q - 13 boomerangs
Armour
 j - a +2 robe of cold resistance
 k - a +0 pair of gloves (worn)
 m - the +2 cloak of the Turtledove (worn) {Int+2 Slay+2}
   (You acquired it on level 2 of the Orcish Mines)

   Int:       It affects your intelligence (+2).
   Slay:      It affects your accuracy & damage with ranged weapons and melee
   (+2).
 x - a +2 helmet of intelligence (worn)
 E - a +0 buckler (worn)
 J - the +1 pair of boots of Piysunuo (worn) {Str+3}
   (You found it on level 1 of the Spider Nest)

   Str:       It affects your strength (+3).
 X - a +3 troll leather armour (worn)
Jewellery
 h - a +4 ring of protection
 q - the ring of Akemeir {Fire Str+4}
   (You found it in a treasure trove)

   [ring of fire]

   It enhances your fire magic.
   Str:       It affects your strength (+4).
   rF:        It protects you from fire.
   rC:        It makes you vulnerable to cold.
 t - a ring of see invisible
 A - an amulet of magic regeneration (around neck)
 L - a ring of ice
 O - the ring of Descent (left hand) {rPois rC+ Int+5 Stlth-}
   (You found it in a treasure trove)

   [ring of protection from cold]

   Int:       It affects your intelligence (+5).
   rC:        It protects you from cold.
   rPois:     It protects you from poison.
   Stlth:     It makes you less stealthy.
 R - an amulet of reflection
 S - the ring of the Mage (right hand) {Wiz Archmagi}
   (You bought it in a shop on level 2 of the Dungeon)

   [ring of wizardry]

   It improves your spell success rate.
   Archmagi:  It increases the power of your magical spells.
Wands
 n - a wand of roots (23)
 u - a wand of quicksilver (3)
 B - a wand of flame (27)
 H - a wand of mindburst (6)
 U - a wand of digging (16)
Scrolls
 e - 4 scrolls of fear
 p - 3 scrolls of fog
 v - 5 scrolls of enchant weapon
 w - 2 scrolls of silence
 y - 2 scrolls of magic mapping
 C - 6 scrolls of teleportation
 D - 4 scrolls of blinking
 G - 2 scrolls of poison
 W - a scroll of amnesia
Potions
 b - 4 potions of magic
 c - 2 potions of might
 d - 2 potions of ambrosia
 g - 6 potions of haste
 l - 8 potions of attraction
 o - 6 potions of brilliance
 z - 3 potions of lignification
 I - 2 potions of resistance
 N - a potion of berserk rage {unknown}
 T - 2 potions of heal wounds
 V - 3 potions of flight
 Y - a potion of curing


   Skills:
 * Level 10.1 Fighting
 + Level 4.1(4.8) Short Blades
 + Level 3.3(4.2) Long Blades
 + Level 1.2 Throwing
 - Level 5.0 Armour
 * Level 12.5 Dodging
 + Level 5.6 Stealth
 - Level 3.2 Shields
 * Level 19.7 Spellcasting
 + Level 5.6 Conjurations
 + Level 11.1 Necromancy
 + Level 4.0 Translocations
 + Level 4.0 Transmutations
 + Level 5.3 Fire Magic
 * Level 7.5 Ice Magic
 * Level 7.6 Air Magic
 + Level 8.5 Poison Magic
 + Level 0.5 Evocations


You had 3 spell levels left.
You knew the following spells:

 Your Spells              Type           Power      Damage    Failure   Level
a - Magic Dart            Conj           100%       1d8       1%          1
b - Necrotise             Necr           100%       1d9       0%          1
c - Mephitic Cloud        Conj/Pois/Air  95%        N/A       1%          3
d - Vampiric Draining     Necr           100%       2d13      1%          3
e - Static Discharge      Conj/Air       100%       2-7/arc   1%          2
g - Ozocubu's Refrigerat  Ice            48%        4d18      7%          7
i - Irradiate             Conj/Tmut      42%        3d25      1%          5
k - Airstrike             Air            48%        2d(7-23)  1%          4
n - Ignite Poison         Fire/Tmut/Pois 89%        N/A       1%          3
p - Apportation           Tloc           100%       N/A       1%          1
t - Teleport Other        Tloc           80%        N/A       1%          3
v - Poisonous Vapours     Pois/Air       100%       N/A       1%          2
w - Wereblood             Tmut           80%        N/A       1%          2
x - Olgreb's Toxic Radia  Pois           100%       N/A       1%          4
y - Sticky Flame          Conj/Fire      87%        2d10      1%          4
z - Freezing Cloud        Conj/Ice/Air   47%        6-21      1%          5

Your spell library contained the following spells:

 Spells                   Type           Power      Damage    Failure   Level
 Foxfire                  Conj/Fire      100%       2x1d9     1%          1
 Summon Small Mammal      Summ           100%       N/A       1%          1
 Lesser Beckoning         Tloc           100%       N/A       1%          2
 Momentum Strike          Conj/Tloc      100%       3d10      1%          2
 Sublimation of Blood     Necr           100%       N/A       1%          2
 Gell's Gravitas          Tloc           80%        N/A       1%          3
 Hailstorm                Conj/Ice       92%        3d18      1%          3
 Portal Projectile        Hex/Tloc       100%       N/A       1%          3
 Spider Form              Tmut/Pois      91%        N/A       1%          3
 Vhi's Electric Charge    Tloc/Air       100%       N/A       1%          3
 Animate Dead             Necr           100%       N/A       1%          4
 Flame Wave               Conj/Fire      87%        2d19      1%          4
 Manifold Assault         Tloc           80%        N/A       1%          4
 Passage of Golubria      Tloc           80%        N/A       1%          4
 Summon Ice Beast         Ice/Summ       78%        N/A       1%          4
 Agony                    Necr           100%       N/A       1%          5
 Arcjolt                  Conj/Air       46%        1d56      1%          5
 Fireball                 Conj/Fire      43%        3d17      1%          5
 Plasma Beam              Fire/Air       46%        2x1d66    2%          6
 Silence                  Hex/Air        39%        N/A       3%          5
 Starburst                Conj/Fire      43%        6d12      3%          6
 Cause Fear               Hex            27%        N/A       6%          4
 Summon Mana Viper        Hex/Summ       54%        N/A       17%         5
 Dispersal                Tloc           40%        N/A       17%         6
 Maxwell's Capacitive Co  Air            48%        ∞         38%         8
 Ignition                 Fire           43%        3d12      69%         8
 Lehudib's Crystal Spear  Conj/Erth      36%        10d9      92%         8
 Summon Hydra             Summ           27%        N/A       99%         7
 Disjunction              Tloc           40%        N/A       99%         8


Dungeon Overview and Level Annotations

Branches:
Dungeon (12/15)            Temple (0/1) D:6            Lair (5/5) D:11
 Shoals (0/4) Lair:2       Spider (4/4) Lair:3        Slime (0/5) Lair:5
    Orc (2/2) D:10            Elf (0/3) Orc:2        Bailey (visited)

Altars:
Dithmenos
Fedhas
Hepliaklqana
Nemelex Xobeh
Okawaru
Qazlal
Ru
Trog
Uskayaw
Vehumet
Zin
The Shining One
Jiyva

Shops:
D:2 =   D:4 (   D:11 *   Orc:2 **[:

Portals:
Pandemonium: Orc:2

Annotations:
Spider:4 Mara


Message History

Casting: Freezing Cloud (mildly dangerous; 1% risk of failure)
Confirm with . or Enter, or press ? or * to list all spells.
Aiming: Airstrike (safe; 1% risk of failure)
Press: ? - help, Dir - move target, f - Mara
Aim: Mara, wielding a +2 demon blade of electrocution and wearing a +2 robe of willpower (freezing vapour, severely wounded, empty space bonus: 6/8)
You feel a surge of power!
The air twists around and strikes Mara!
Mara is severely wounded.
Esekla's illusion hits you but does no damage.
Mara is engulfed in freezing vapours.
Casting: Airstrike (safe; 1% risk of failure)
Confirm with . or Enter, or press ? or * to list all spells.
Aiming: Airstrike (safe; 1% risk of failure)
Press: ? - help, Dir - move target, f/p - Mara
Aim: Mara, wielding a +2 demon blade of electrocution and wearing a +2 robe of willpower (freezing vapour, almost dead, empty space bonus: 5/8)
You feel a surge of power!
The air twists around and strikes Mara!
Mara is almost dead.
Esekla's illusion hits you but does no damage.
Mara is engulfed in freezing vapours.
Mara barely misses you.
Casting: Airstrike (safe; 1% risk of failure)
Confirm with . or Enter, or press ? or * to list all spells.
Aiming: Sticky Flame (safe; 1% risk of failure)
Press: ? - help, Shift-Dir - straight line, f/p - Mara
Aim: Mara, wielding a +2 demon blade of electrocution and wearing a +2 robe of willpower (almost dead)
You feel a surge of power!
The sticky flame hits Mara.
Mara resists.
Mara is almost dead.
Mara is covered in liquid flames!
Mara burns!
Mara shimmers.
Mara shimmers and seems to become three!
Esekla's illusion hits you.
Found 6 stones.
Mara burns! x2
Mara weaves an illusion.
Mara hits you with a +2 demon blade of electrocution!
Mara hits you with a +2 demon blade of electrocution!!
Esekla's illusion hits you but does no damage.
Mara hits you but does no damage.
Mara hits you with a +2 demon blade of electrocution!
* * * LOW HITPOINT WARNING * * *
Mara hits you with a +2 demon blade of electrocution!!
You die...

##(.. ....# ..#
#. .......##..
... ........#..
..$
#.......#.##.###
.^.§. ..#§§§^...
#§§##R#§§#....
#§§§R@.§§§<#
####§R.@§§§##
#..#§§.#§§§#..
...#..?§§§#.§§..#
.......§§§.###..#
######..§§.# ##
#.?^....§.#
.........^#
...#.......#


You could see 3 Maras and Esekla's illusion.

Vanquished Creatures
  Rupert (Lair:4)
  2 emperor scorpions (Spider:3)
  A ghost moth (Spider:3)
  2 orc warlords
  A broodmother (Spider:3)
  Azrael (Orc:2)
  2 spark wasps
  5 entropy weavers
  2 fire dragons (Lair:5)
  Harold (D:9)
  3 boulder beetles
  A demonspawn (Orc:2)
  3 hydras
  2 radroaches (Spider:3)
  A catoblepas (Lair:5)
  3 jorogumos
  3 two-headed ogres
  An orc high priest (Orc:2)
  A pharaoh ant (Spider:1)
  A sun moth (Spider:1)
  Lodul (D:11)
  A skyshark (Lair:4)
  6 orb spiders
  Pikel (D:6)
  A swamp dragon (Lair:5)
  2 steelbarb worms (Spider:1)
  2 lindwurms (Lair:5)
  An oklob plant (Lair:5)
  An ugly thing (D:12)
  8 orc knights
  4 wolf spiders
  7 cyclopes
  9 orc sorcerers (Orc:2)
  2 moths of wrath (Spider:1)
  Joseph (D:7)
  9 elephants (Lair:5)
  A merfolk siren (Lair:2)
  2 black mambas
  7 torpor snails
  A smoke demon (Orc:2)
  A gargoyle (D:11)
  3 demonic crawlers
  11 cane toads
  Psyche (D:11)
  3 rime drakes
  14 komodo dragons
  A kobold demonologist (D:9)
  A red devil (Orc:2)
  2 merfolk (Lair:2)
  A polar bear (D:11)
  7 trolls
  3 tyrant leeches (Lair:5)
  6 tarantellas
  9 hornets
  5 blink frogs (Lair:1)
  7 jumping spiders
  4 centaur simulacra (D:11)
  A vampire (D:12)
  4 culicivoras
  12 spriggans (Lair:3)
  A wraith (D:12)
  5 basilisks
  33 yaks
  A chaos spawn (Orc:2)
  3 steam dragons
  5 wyverns
  3 fire elementals (Orc:2)
  18 redbacks
  Menkaure (D:7)
  3 wargs
  3 hell hounds (Orc:2)
  2 acid dragons (Lair:5)
  6 ice beasts
  14 water moccasins
  2 swamp drakes (Lair:5)
  A sky beast (D:6)
  43 orc warriors
  2 black bears
  17 ogres
  2 centaurs
  3 boggarts (Lair:3)
  12 wolves
  A phantom (D:7)
  Blork the orc (D:6)
  4 kobold brigands
  4 gnoll sergeants
  An earth elemental (D:11)
  10 bullfrogs
  3 scorpions
  10 wights
  21 killer bees
  2 howler monkeys (D:10)
  An electric eel (D:11)
  2 quasits
  3 gnoll boudas
  6 hounds
  A jelly (D:6)
  Crazy Yiuf (D:7)
  31 orc priests
  A sleepcap (D:5)
  7 iguanas
  14 orc wizards
  12 hell rats
  34 gnolls
  9 adders
  3 shadow imps (D:8)
  9 white imps
  4 ufetubi
  A worm (D:4)
  3 dart slugs
  95 orcs
  6 ball pythons
  4 endoplasms
  9 goblins
  7 hobgoblins
  A quokka (D:1)
  4 bats
  4 frilled lizards
  21 kobolds
  A rat (D:2)
731 creatures vanquished.

Vanquished Creatures (others)
  2 orc high priests (Orc:2)
2 creatures vanquished.

Grand Total: 733 creatures vanquished

Notes
Turn   | Place    | Note
-------+----------+-------------------------------------------
     0 | D:1      | Esekla the Deep Elf Necromancer began the quest for the
                  | Orb.
     0 | D:1      | Reached XP level 1. HP: 10/10 MP: 6/6
   145 | D:1      | Reached skill level 5 in Necromancy
   339 | D:4      | Found a radiant altar of Vehumet.
   350 | D:4      | Found an iron altar of Okawaru.
   387 | D:4      | Found a glowing silver altar of Zin.
   443 | D:4      | Became a worshipper of Vehumet
   524 | D:4      | Found a glowing golden altar of the Shining One.
   580 | D:3      | Reached XP level 2. HP: 15/15 MP: 8/8
   647 | D:3      | Identified the +5 rapier of the Hero {heavy, rN+ Dex+3}
   776 | D:2      | Found Renulab's Jewellery Shop.
   858 | D:1      | Reached XP level 3. HP: 18/19 MP: 9/9
   893 | D:1      | Learned a level 3 spell: Vampiric Draining
  1187 | D:2      | Reached skill level 1 in Short Blades
  1187 | D:2      | Reached XP level 4. HP: 11/24 MP: 1/11
  1223 | D:2      | Found a faded altar of an unknown god.
  1259 | D:2      | Noticed a black bear
  1264 | D:2      | Reached * piety under Vehumet
  1264 | D:2      | Offered knowledge of Magic Dart by Vehumet.
  1308 | D:2      | Killed a black bear
  1309 | D:2      | Reached skill level 4 in Spellcasting
  1309 | D:2      | Reached XP level 5. HP: 25/28 MP: 11/13
  1315 | D:2      | Learned a level 1 spell: Magic Dart
  1680 | D:3      | Found a hazy altar of Hepliaklqana.
  1682 | D:3      | Found a bloodstained altar of Trog.
  1683 | D:3      | Found a stormy altar of Qazlal.
  2265 | D:3      | Reached XP level 6. HP: 16/32 MP: 2/14
  2468 | D:4      | Found Ponaysk's Antique Weapon Boutique.
  2648 | D:4      | Reached skill level 1 in Conjurations
  3213 | D:5      | Entered Level 5 of the Dungeon
  3221 | D:5      | Got the Parchment of the Lumpy Olives
  3230 | D:5      | Found a shadowy altar of Dithmenos.
  3358 | D:5      | Reached ** piety under Vehumet
  3358 | D:5      | Offered knowledge of Static Discharge by Vehumet.
  3370 | D:5      | Learned a level 2 spell: Static Discharge
  3374 | D:5      | Learned a level 3 spell: Teleport Other
  3437 | D:5      | Reached skill level 5 in Dodging
  3437 | D:5      | Reached XP level 7. HP: 34/36 MP: 13/16
  3497 | D:5      | Reached skill level 5 in Spellcasting
  3859 | D:5      | Reached skill level 1 in Translocations
  4060 | D:6      | Reached skill level 1 in Air Magic
  4078 | D:6      | Reached skill level 1 in Throwing
  4078 | D:6      | Reached skill level 6 in Spellcasting
  4131 | D:6      | Noticed Blork the orc
  4200 | D:6      | Reached XP level 8. HP: 35/41 MP: 19/19
  4321 | D:6      | Found a blossoming altar of Fedhas.
  4329 | D:6      | Offered knowledge of Momentum Strike by Vehumet.
  4428 | D:6      | Found a staircase to the Ecumenical Temple.
  4569 | D:6      | Noticed Pikel
  4914 | D:6      | Killed Pikel
  4915 | D:6      | Reached skill level 7 in Spellcasting
  5027 | D:6      | Killed Blork the orc
  5028 | D:6      | Reached skill level 8 in Spellcasting
  5092 | D:7      | Reached XP level 9. HP: 43/45 MP: 23/23
  5095 | D:7      | Learned a level 2 spell: Momentum Strike
  5502 | D:7      | Noticed Menkaure
  5585 | D:8      | Reached *** piety under Vehumet
  5911 | D:8      | Offered knowledge of Olgreb's Toxic Radiance by Vehumet.
  5939 | D:7      | Learned a level 4 spell: Olgreb's Toxic Radiance
  6023 | D:7      | Killed Menkaure
  6110 | D:7      | Reached skill level 9 in Spellcasting
  6156 | D:7      | Found a runed translucent door.
  6157 | D:7      | Noticed Crazy Yiuf
  6166 | D:7      | Killed Crazy Yiuf
  6300 | D:7      | Noticed Joseph
  6481 | D:8      | Noticed a two-headed ogre
  6711 | D:8      | Killed a two-headed ogre
  6712 | D:8      | Reached skill level 5 in Stealth
  6712 | D:8      | Reached skill level 1 in Shields
  6712 | D:8      | Reached skill level 1 in Poison Magic
  6807 | D:8      | Reached **** piety under Vehumet
  6848 | D:8      | Reached skill level 10 in Spellcasting
  6932 | D:8      | Offered knowledge of Airstrike by Vehumet.
  6948 | D:8      | Learned a level 4 spell: Airstrike
  6975 | D:8      | Found a hide-covered altar of Uskayaw.
  7006 | D:8      | Found a transporter.
  7020 | D:8      | Found a transporter.
  7021 | D:8      | Found a transporter.
  7022 | D:8      | Found a transporter.
  7389 | D:7      | Killed Joseph
  7390 | D:7      | Reached XP level 10. HP: 39/50 MP: 15/26
  7669 | D:9      | Noticed a two-headed ogre
  7742 | D:9      | Found a flagged portal.
  7780 | Bailey   | Entered a bailey
  7993 | Bailey   | Identified the +2 bardiche of Puhoisos {heavy, rElec
                  | Stlth+}
  8175 | Bailey   | Noticed an orc knight
  8175 | Bailey   | Noticed an orc knight
  8207 | Bailey   | Killed an orc knight
  8208 | Bailey   | Reached skill level 11 in Spellcasting
  8211 | Bailey   | Killed an orc knight
  8422 | D:9      | Reached ***** piety under Vehumet
  8452 | D:9      | Reached skill level 1 in Fighting
  8514 | D:9      | Found a sparkling altar of Nemelex Xobeh.
  8607 | D:9      | Reached skill level 12 in Spellcasting
  8619 | D:9      | Noticed Harold
  8645 | D:9      | Killed Harold
  8812 | D:9      | Killed a two-headed ogre
  8813 | D:9      | Reached XP level 11. HP: 57/57 MP: 29/29
  8940 | D:9      | Offered knowledge of Flame Wave by Vehumet.
  8946 | D:9      | Learned a level 4 spell: Flame Wave
  9068 | D:10     | Entered Level 10 of the Dungeon
  9103 | D:10     | Found a staircase to the Orcish Mines.
  9142 | D:10     | Reached skill level 1 in Long Blades
  9142 | D:10     | Reached skill level 13 in Spellcasting
  9144 | D:10     | Reached skill level 5 in Poison Magic
  9569 | D:10     | Found a sacrificial altar of Ru.
  9725 | Orc:1    | Entered Level 1 of the Orcish Mines
  9726 | Orc:1    | Noticed an orc knight
 10090 | Orc:1    | Reached skill level 10 in Necromancy
 10402 | D:2      | Bought the ring of the Mage {Wiz Archmagi} for 714 gold
                  | pieces
 10402 | D:2      | Found the ring of the Mage {Wiz Archmagi}
 10627 | D:11     | Noticed Lodul
 10634 | D:11     | Reached skill level 1 in Fire Magic
 11018 | D:11     | Found Fagafuf's Pet Rocks.
 11034 | D:11     | Reached skill level 5 in Air Magic
 11040 | D:11     | Found a staircase to the Lair.
 11078 | D:11     | Reached skill level 14 in Spellcasting
 11141 | D:11     | Offered knowledge of Sticky Flame by Vehumet.
 11156 | D:10     | Learned a level 4 spell: Sticky Flame
 11362 | D:11     | Got Simple Magic
 11392 | D:11     | Noticed Psyche
 11394 | D:11     | Noticed a two-headed ogre
 11401 | D:11     | Killed Psyche
 11401 | D:11     | Killed a two-headed ogre
 11402 | D:11     | Reached XP level 12. HP: 60/68 MP: 31/32
 11450 | D:11     | Reached skill level 5 in Fighting
 11727 | D:11     | Killed Lodul
 12039 | Lair:1   | Entered Level 1 of the Lair of Beasts
 12312 | Lair:1   | Reached skill level 15 in Spellcasting
 13125 | D:12     | Learned a level 2 spell: Wereblood
 13449 | D:12     | Found a portal to a secret trove of treasure.
 13513 | D:12     | Learned a level 2 spell: Poisonous Vapours
 13517 | D:12     | Learned a level 3 spell: Mephitic Cloud
 13523 | D:12     | Learned a level 5 spell: Freezing Cloud
 14055 | Lair:2   | Reached skill level 1 in Transmutations
 14226 | Lair:2   | Reached skill level 5 in Conjurations
 14350 | Lair:2   | Reached skill level 1 in Ice Magic
 14444 | Lair:2   | Reached skill level 1 in Armour
 14588 | Lair:2   | Found a transporter.
 14588 | Lair:2   | Found a transporter.
 14589 | Lair:2   | Noticed a boulder beetle
 14589 | Lair:2   | Noticed a boulder beetle
 14606 | Lair:2   | Killed a boulder beetle
 14607 | Lair:2   | Reached XP level 13. HP: 47/76 MP: 22/34
 14709 | Lair:2   | Found a staircase to the Shoals.
 15199 | Lair:3   | Found a hole to the Spider Nest.
 15346 | Lair:3   | Offered knowledge of Ozocubu's Refrigeration by Vehumet.
 15372 | Lair:3   | Learned a level 7 spell: Ozocubu's Refrigeration
 15514 | Lair:3   | Reached skill level 10 in Dodging
 15557 | Lair:3   | Identified the +3 leather armour of Okawaru's Inspiration
                  | {Str+4}
 15705 | Lair:3   | Reached skill level 16 in Spellcasting
 16487 | Lair:4   | Noticed Rupert
 16500 | Lair:4   | Killed Rupert
 16970 | Lair:4   | Learned a level 3 spell: Ignite Poison
 17259 | Lair:5   | Entered Level 5 of the Lair of Beasts
 17296 | Lair:5   | Offered knowledge of Irradiate by Vehumet.
 17374 | Lair:5   | Reached skill level 17 in Spellcasting
 17451 | Lair:5   | Reached XP level 14. HP: 79/84 MP: 37/37
 17632 | Lair:5   | Found a viscous altar of Jiyva.
 17632 | Lair:5   | Found a staircase to the Slime Pits.
 17913 | Lair:5   | Found a runed translucent door.
 17954 | Lair:5   | Reached skill level 5 in Ice Magic
 18302 | Lair:5   | Got Utragud's Papyrus of the Inquisitive Olives
 18404 | Spider:1 | Entered Level 1 of the Spider Nest
 18428 | Spider:1 | Identified the +1 pair of boots of Piysunuo {Str+3}
 18795 | Spider:1 | Reached skill level 18 in Spellcasting
 18800 | Spider:1 | HP: 4/82 [burnt (7)]
 18829 | Spider:1 | Learned a level 5 spell: Irradiate
 18928 | Trove    | Entered a treasure trove
 18937 | Trove    | Identified the ring of Akemeir {Fire Str+4}
 18940 | Trove    | Identified the ring of Descent {rPois rC+ Int+5 Stlth-}
 18950 | Trove    | Identified the +3 ring mail "Poady" {+Inv rF+ Dex+2 Slay-4}
 19082 | Orc:2    | Entered Level 2 of the Orcish Mines
 19322 | Orc:1    | Noticed an orc warlord
 19331 | Orc:1    | Killed an orc warlord
 19391 | Orc:1    | You fall into a shaft and drop 1 floor!
 19637 | Orc:2    | Found Roezostra's General Store.
 19638 | Orc:2    | Found Bamnuus's General Store.
 19881 | Orc:2    | Noticed an orc warlord
 19895 | Orc:2    | Killed an orc warlord
 19896 | Orc:2    | Reached skill level 5 in Fire Magic
 19899 | Orc:2    | Found a staircase to the Elven Halls.
 20039 | Orc:2    | Bought a scroll of identify for 34 gold pieces
 20186 | Orc:2    | Reached XP level 15. HP: 90/90 MP: 25/39
 20415 | Orc:2    | Noticed Azrael
 20419 | Orc:2    | Killed Azrael
 20573 | Orc:2    | Found Jyohez's Book Shop.
 20573 | Orc:2    | Found a one-way gate leading to the halls of Pandemonium.
 20573 | Orc:2    | Found Huzal's Antique Armour Boutique.
 20577 | Orc:2    | Bought a runed helmet for 270 gold pieces
 20654 | Orc:2    | Acquired the +2 cloak of the Turtledove {Int+2 Slay+2}
 20669 | Orc:2    | Acquired 428 gold pieces
 20671 | Orc:2    | Acquired a +4 vampiric falchion
 20700 | Orc:2    | Bought a scroll of enchant armour for 112 gold pieces
 20730 | Orc:2    | Bought a book of Cantrips for 180 gold pieces
 20732 | Orc:2    | Learned a level 1 spell: Apportation
 21031 | D:4      | Bought the +8 arc blade {discharge, rElec} for 1740 gold
                  | pieces
 21031 | D:4      | Found the +8 arc blade {discharge, rElec}
 21486 | Spider:2 | Reached skill level 19 in Spellcasting
 21513 | Spider:2 | Reached skill level 5 in Armour
 21924 | D:2      | Bought a ring of see invisible for 210 gold pieces
 22497 | Spider:3 | Noticed an emperor scorpion
 22509 | Spider:3 | Killed an emperor scorpion
 22568 | Spider:3 | Noticed an emperor scorpion
 22581 | Spider:3 | Killed an emperor scorpion
 22951 | Spider:3 | Reached skill level 10 in Fighting
 23398 | Orc:2    | Bought a potion of curing for 51 gold pieces
 23906 | Spider:4 | Entered Level 4 of the Spider Nest
 23906 | Spider:4 | Noticed Mara
 23919 | Spider:4 | Noticed Esekla's illusion
 23929 | Spider:4 | Mangled by Mara (illusionary)

Illustrated notes

Levels and vault maps discovered:
D:1:      sevenhm_arrival_forest_fort_small_3, layout_rooms,
          chequers_serial_rivers_room_b, minmay_misc_feat_five
D:2:      layout_loops_ring, dreamdust_ecumenical_altar_angels_and_demons,
          serial_shops, shop
D:3:      layout_basic, grunt_temple_overflow_open, minmay_misc_feat_iff
D:4:      layout_basic, nicolae_overflow_quartered_altars, serial_shops,
          nicolae_diamond_shop
D:5:      layout_loops_ring, lemuel_doored_altar, minmay_misc_feat_rows,
          dreamdust_wishing_well
D:6:      layout_loops_cross, fedhas_altar_fruit_tree,
          minmay_temple_entry_glass, uniq_pikel, uniq_blork_the_orc
D:7:      layout_basic, uniq_menkaure, uniq_joseph, uniq_crazy_yiuf_cottage
D:8:      layout_basic, nicolae_uskayaw_dance_hall, serial_demonic,
          serial_demonic_d, serial_demonic_a, serial_demonic_c,
          serial_demonic_c, nicolae_diode_quadrants
D:9:      layout_irregular_city, kennysheep_little_box, enter_bailey_4,
          minmay_between, uniq_harold
D:10:     layout_basic, nicolae_ru_awakened_eye
D:11:     layout_rooms, hellmonk_lair_entry_icy, serial_ice, serial_ice_j,
          serial_ice_m, serial_ice_o, serial_ice_c, serial_ice_g, serial_ice_f,
          guppyfry_shop_earth, uniq_psyche, uniq_lodul
D:12:     layout_roguey, nicolae_trove_entry_crossroad
Lair:1:   layout_small_grid
Lair:2:   gammafunk_boulding_lane, layout_small_grid, elwin_shoals_entry_rooms
Lair:3:   kb_forest_paths, layout_chaotic_city, spider_nest_entry_rubble
Lair:4:   layout_hall_layers, grunt_megastairs_3, lemuel_fruit_fields,
          uniq_rupert
Lair:5:   guppyfry_lair_end_dragon, layout_misc_corridors, wormcave,
          dpeg_slime_entry_enclosed
Spider:1: layout_spider_delve, nicolae_spider_some_kinda_spiderbox
Spider:2: layout_spider_delve, nicolae_spider_twisty_arc_passages
Spider:3: layout_chambers, nicolae_orb_stairs
Spider:4: grunt_spider_rune_circles, guppyfry_hornet_nest, uniq_mara
Orc:1:    layout_caves
Orc:2:    pf_orc_diabolical, layout_diamond_mine, uniq_azrael

Skill      XL: |  1  2  3  4  5  6  7  8  9 10 11 12 13 14 15 |
---------------+----------------------------------------------+-----
Necromancy     | 5 6 7 8 9 10 11 | 11.1
Stealth        | 3 4 5 |  5.6
Dodging        | 3 4 5 6 7 8 9 11 12 | 12.5
Short Blades   | 1 2 3 4 |  4.1
Spellcasting   | 4 6 8 10 12 14 15 17 18 19 | 19.7
Conjurations   | 1 2 3 5 |  5.6
Translocations | 1 3 4 |  4.0
Air Magic      | 1 2 3 4 5 6 7 |  7.6
Throwing       | 1 |  1.2
Shields        | 1 2 3 |  3.2
Poison Magic   | 1 4 5 6 7 8 |  8.5
Fighting       | 1 4 6 8 9 10 | 10.1
Long Blades    | 2 3 |  3.3
Fire Magic     | 2 4 5 |  5.3
Transmutations | 1 2 3 4 |  4.0
Ice Magic      | 1 4 6 7 |  7.5
Armour         | 1 3 4 5 |  5.0
Evocations     | |  0.5

Action                     |  1- 3 |  4- 6 |  7- 9 | 10-12 | 13-15 || total
---------------------------+-------+-------+-------+-------+-------++-------
  Melee: Short sword       |    25 |       |       |       |       ||    25
         Unarmed           |     9 |       |       |       |       ||     9
         Rapier            |    37 |    82 |   177 |    42 |    24 ||   362
         Scimitar          |       |       |       |   138 |    87 ||   225
  Throw: Dart              |       |    19 |    23 |     7 |     1 ||    50
   Cast: Vampiric Draining |     3 |    25 |    64 |    96 |    78 ||   266
         Magic Dart        |       |     3 |       |     1 |       ||     4
         Teleport Other    |       |       |    17 |     1 |       ||    18
         Olgreb's Toxic Ra |       |       |     8 |    82 |    55 ||   145
         Airstrike         |       |       |       |    17 |    16 ||    33
         Sticky Flame      |       |       |       |    26 |    22 ||    48
         Flame Wave        |       |       |       |     7 |       ||     7
         Freezing Cloud    |       |       |       |     5 |    54 ||    59
         Wereblood         |       |       |       |     3 |    25 ||    28
         Poisonous Vapours |       |       |       |     2 |   137 ||   139
         Mephitic Cloud    |       |       |       |     2 |     9 ||    11
         Ignite Poison     |       |       |       |       |   103 ||   103
         Ozocubu's Refrige |       |       |       |       |     4 ||     4
         Irradiate         |       |       |       |       |     7 ||     7
         Apportation       |       |       |       |       |     6 ||     6
  Evoke: Wand              |       |       |     4 |    15 |       ||    19
    Use: Scroll            |       |       |     9 |    10 |    17 ||    36
         Potion            |       |       |     4 |     1 |    15 ||    20
   Stab: Sleeping          |     3 |     8 |     6 |     9 |     3 ||    29
         Distracted        |     1 |       |     3 |       |       ||     4
 Armour: Robe              |    23 |    25 |    43 |       |       ||    91
         Steam dragon scal |       |       |    13 |    75 |       ||    88
         Troll leather arm |       |       |       |       |    79 ||    79
  Dodge: Dodged            |    50 |    96 |   231 |   254 |   206 ||   837
  Block: Buckler           |       |       |       |    88 |    66 ||   154
